 Dungeon Crawl Stone Soup version 0.31-a0-232-gb1c03b2570 (webtiles) character file.

Game seed: 13546297587221247682

54 qw the Shooter (level 3, -1/29 HPs)
             Began as a Minotaur Hexslinger on July 7, 2023.
             Slain by a gnoll
             ... wielding a +0 club
              (3 damage)
             ... on level 2 of the Dungeon.
             The game lasted 00:00:24 (970 turns).

qw the Shooter (Minotaur Hexslinger)                 Turns: 970, Time: 00:00:24

Health: -1/29      AC:  5    Str: 12    XL:     3   Next: 66%
Magic:  3/3        EV: 11    Int: 10    God:
Gold:   52         SH:  0    Dex: 14    Spells: 3/4 levels left

rFire   . . .        Y - +1 sling
rCold   . . .        (no shield)
rNeg    . . .        d - +0 ring mail
rPois   .            (helmet restricted)
rElec   .            (no cloak)
rCorr   .            (no gloves)
SInv    .            (no boots)
Will    .....        (no amulet)
Stlth   +            (no ring)
HPRegen 0.24/turn    (no ring)
MPRegen 0.08/turn

%: no passive effects
@: no status effects
A: horns 2, retaliatory headbutt
a: no special abilities


You were on level 2 of the Dungeon.
You visited 1 branch of the dungeon, and saw 2 of its levels.

You collected 52 gold pieces.


Innate Abilities, Weirdness & Mutations

You have a pair of horns on your head.
You reflexively headbutt those who attack you in melee.


   Skills:
 - Level 2.0 Fighting
 + Level 4.0 Ranged Weapons
 - Level 1.2 Armour
 - Level 2.1 Dodging
 - Level 1.0 Spellcasting
 - Level 2.0 Hexes


You had 3 spell levels left.
You knew the following spells:

 Your Spells              Type           Power      Damage    Failure   Level
a - Slow                  Hex            16%        N/A       34%         1

Your spell library contained the following spells:

 Spells                   Type           Power      Damage    Failure   Level
 Inner Flame              Hex/Fire       2%         N/A       83%         3
 Portal Projectile        Hex/Tloc       4%         N/A       83%         3
 Cause Fear               Hex            2%         N/A       98%         4

Inventory:

Hand Weapons
 Y - a +1 sling (weapon)
Armour
 d - a +0 ring mail (worn)
Scrolls
 a - a scroll of fog {unknown}
Potions
 f - 2 potions of enlightenment {unknown}

Dungeon Overview and Level Annotations

Branches:
Dungeon (2/15)

Altars:

Shops:
D:1 *


Message History

A gnoll comes into view. It is wielding a +0 whip.
You shoot a sling bullet.
The sling bullet closely misses the goblin.
You shoot a sling bullet.
The sling bullet completely misses the goblin.
A gnoll comes into view. It is wielding a +0 spear.
The goblin hits you but does no damage. The goblin hits you with a +0 club.
The gnoll moves out of view.
You shoot a sling bullet. The sling bullet hits the gnoll.
The gnoll is moderately wounded.
The gnoll hits you but does no damage. The goblin hits you with a +0 club.
You shoot a sling bullet. The gnoll shouts!
The sling bullet hits the gnoll.
The gnoll is severely wounded.
The gnoll hits you but does no damage. The goblin hits you but does no damage.
You shoot a sling bullet. The sling bullet hits the gnoll!
You kill the gnoll!
The goblin closely misses you. You furiously retaliate!
You headbutt the goblin.
Your Armour skill increases to level 1!
You shoot a sling bullet.
The sling bullet closely misses the goblin.
The sling bullet hits the gnoll!
The gnoll is heavily wounded.
The goblin closely misses you. The goblin hits you with a +0 club.
You shoot a sling bullet.
The sling bullet closely misses the gnoll.
The gnoll hits you with a +0 whip. The goblin hits you with a +0 club.
You shoot a sling bullet.
The sling bullet closely misses the gnoll.
The gnoll hits you with a +0 club. The goblin misses you.
The gnoll barely misses you. The gnoll hits you with a +0 whip.
You shoot a sling bullet. The sling bullet hits the gnoll.
The gnoll is almost dead.
The gnoll hits you from afar with a +0 spear.
The goblin hits you but does no damage. The gnoll hits you with a +0 whip.
The gnoll misses you.
The gnoll hits you from afar with a +0 spear.
The gnoll closely misses you. The gnoll hits you with a +0 club.
You die...

#...####
##.### #....#
##. ###....#
.... ##......#
...?.
#..##...#
...#.#####
#.###...#
......gg.# #.#
#...# #.gg@.#
#.# #...#
..$...#..###.#
#...# .....
##.##..# ####
.... #.#..##
... #..>## ..
#.#.# . #.#.#
#.#.#
####.###.#.#


You could see 3 gnolls and a goblin.

Vanquished Creatures
  2 gnolls
  4 bats
  2 endoplasms (D:1)
  A giant cockroach (D:1)
  2 hobgoblins (D:1)
  4 jackals (D:1)
  3 quokkas (D:1)
  3 ball pythons
  3 frilled lizards (D:1)
  3 goblins (D:1)
  4 kobolds
  3 rats (D:1)
34 creatures vanquished.

Notes
Turn   | Place    | Note
-------+----------+-------------------------------------------
     0 | D:1      | qw the Minotaur Hexslinger began the quest for the Orb.
     0 | D:1      | Reached XP level 1. HP: 16/16 MP: 1/1
     0 | D:1      | 0 ||| qw: Version: 0.3-a-46-gb1f654a
     0 | D:1      | 0 ||| qw: Game counter: 2483
     0 | D:1      | 0 ||| qw: Melee chars always use a shield: true
     0 | D:1      | 0 ||| qw: God list: Okawaru
     0 | D:1      | 0 ||| qw: Allow faded altars: false
     0 | D:1      | 0 ||| qw: Do Orc after clearing Dungeon:15 true
     0 | D:1      | 0 ||| qw: Do second Lair branch before Depths: true
     0 | D:1      | 0 ||| qw: Lair rune preference: random
     0 | D:1      | 0 ||| qw: Goals: Normal
     0 | D:1      | 0 ||| PLANNING D:1-11
    21 | D:1      | Reached skill level 3 in Ranged Weapons
    21 | D:1      | Reached XP level 2. HP: 17/23 MP: 2/2
   420 | D:1      | Reached XP level 3. HP: 29/29 MP: 3/3
   492 | D:1      | Found Ujemuis's General Store.
   497 | D:1      | 497 ||| SHOPLISTING potion of experience (600 gold, have
                  | 18).
   497 | D:1      | 497 ||| SHOPLISTING scroll of teleportation (36 gold, have
                  | 18).
   756 | D:1      | 756 ||| UPGRADING to +0 ring mail.
   766 | D:1      | 766 ||| DROPPING +0 robe.
   767 | D:1      | 767 ||| READING scroll labelled POELA HEPOIPS.
   768 | D:1      | 768 ||| READING scroll labelled BONUPS TEFOLI.
   769 | D:1      | 769 ||| DROPPING scroll of poison.
   822 | D:2      | Reached skill level 4 in Ranged Weapons
   967 | D:2      | Reached skill level 1 in Armour
   970 | D:2      | HP: 6/29 [gnoll/+0 whip (4)]
   970 | D:2      | HP: 2/29 [gnoll/+0 spear (4)]
   970 | D:2      | Slain by a gnoll

Levels and vault maps discovered:
D:1:      lemuel_arrival_cross, layout_basic, serial_shops,
          nicolae_shop_hallway_plus, serial_bayou_pond_e,
          corexii_item_surrounded_by_moat
D:2:      layout_basic

Skill      XL: |  1  2  3 |
---------------+----------+-----
Ranged Weapons | 3 4 |  4.0
Fighting       | 2 |  2.0
Armour         | 1 |  1.2
Dodging        | |  2.1
Spellcasting   | |  1.0
Hexes          | |  2.0

Action                     || total
---------------------------++-------
   Fire: Sling             ||   104
    Use: Scroll            ||     2
 Armour: Robe              ||     3
         Ring mail         ||     8
  Dodge: Dodged            ||    29

Table legend:
 A = Non-vault XP
 B = Vault XP
 C = Vault XP percentage of total XP
 D = Non-vault monster count
 E = Vault monster count
 F = Vault count percentage of total count
                 A         B        C        D         E       F
            +---------+---------+-------+---------+---------+-------
      Total |      78 |       0 |   0.0 |      34 |       0 |   0.0
            +---------+---------+-------+---------+---------+-------
        D:1 |      59 |       0 |   0.0 |      29 |       0 |   0.0
        D:2 |      19 |       0 |   0.0 |       5 |       0 |   0.0
            +---------+---------+-------+---------+---------+-------
